 Dungeon Sprint DCSS version 0.30-a0-149-g7f746667c4 (webtiles) character file.

Game seed: 16765014021724348003

294415 mhtbhm the Petrodigitator (level 18, -6/118 HPs)
             Began as a Gargoyle Earth Elementalist on Sept 27, 2022.
             Was the Champion of Vehumet.
             Killed from afar by a Hell Sentinel (48 damage)
             ... with damnation
             ... in the Dungeon (Sprint III: "The Ten Rune Challenge").
             The game lasted 01:07:02 (13061 turns).

mhtbhm the Petrodigitator (GrEE)                   Turns: 13061, Time: 01:07:02

Health: -6/118     AC: 30    Str: 15    XL:     18   Next: 47%
Magic:  18/58      EV: 20    Int: 29    God:    Vehumet [******]
Gold:   1494       SH:  0    Dex: 16    Spells: 2/71 levels left

rFire   . . .      SeeInvis .    z - staff of earth
rCold   + . .      Faith    .    (no shield)
rNeg    + + +      Spirit   .    y - +0 leather armour of the Storm King {rC+ Regen+ Dex+5}
rPois   ∞          Reflect  .    r - +1 hat {Int+3}
rElec   +          Harm     .    w - +2 cloak of the Will of the Gods {rN+ Will+ Str+2}
rCorr   .          Rampage  .    C - +2 pair of gloves
Will    +++..      NoTele   +    M - +2 pair of boots
Stlth   +++.......               W - amulet of Vitality {RegenMP++ Regen++}
HPRegen 2.69/turn                v - ring of magical power
MPRegen 1.16/turn                Q - ring of Keisk {rN+ AC+4 Dex+2}

@: on berserk cooldown, flying, hasted and slowed, unable to drink
A: sickness immunity, AC +13, big wings, negative energy resistance 1,
electricity resistance, torment resistance 1, petrification resistance, antennae
1, clever 1, strong-willed 1, inability to drink after injury 1
}: 6/10 runes: decaying, serpentine, slimy, silver, golden, demonic
a: Renounce Religion


You were in the Dungeon.
You worshipped Vehumet.
Vehumet was exalted by your worship.
You visited 1 branch You collected 8044 gold pieces.
You spent 6550 gold pieces at shops.

Inventory:

Hand Weapons
 Y - the +9 staff of Wucad Mu {*channel}
   (You took it off a deep elf death mage in the Dungeon)

   It occasionally powers its wielder's spells, but with a chance of causing
   confusion or draining the wielder's intelligence.
   It becomes more likely to activate and less likely to backfire with increased
   Evocations skill.
Missiles
 j - 7 curare-tipped darts
Armour
 a - a +2 robe of fire resistance
 k - a +2 cloak of preservation
 r - a +1 hat of intelligence (worn)
 w - the +2 cloak of the Will of the Gods (worn) {rN+ Will+ Str+2}
   (You acquired it in the Dungeon)

   Str:       It affects your strength (+2).
   rN:        It protects you from negative energy.
   Will:      It increases your willpower.
 y - the +0 leather armour of the Storm King (worn) {rC+ Regen+ Dex+5}
   (You bought it in a shop in the Dungeon)

   Dex:       It affects your dexterity (+5).
   rC:        It protects you from cold.
   Regen:     It increases your rate of health regeneration.
 C - a +2 pair of gloves (worn)
 J - a scarf of resistance
 M - a +2 pair of boots (worn)
Magical Staves
 z - a staff of earth (weapon)
Jewellery
 v - a ring of magical power (left hand)
 x - a ring of wizardry
 O - a ring of protection from fire
 Q - the ring of Keisk (right hand) {rN+ AC+4 Dex+2}
   (You bought it in a shop in the Dungeon)

   [ring of protection]

   AC:        It affects your AC (+4).
   Dex:       It affects your dexterity (+2).
   rN:        It protects you from negative energy.
 S - an amulet of reflection
 T - a ring of ice
 U - the amulet of Wual {rN++ Regen+ Dex+2}
   (You acquired it in the Dungeon)

   [amulet of regeneration]

   Dex:       It affects your dexterity (+2).
   rN:        It greatly protects you from negative energy.
   Regen:     It increases your rate of health regeneration.
 W - the amulet of Vitality (around neck) {RegenMP++ Regen++}
   (You took it off a deep elf death mage in the Dungeon)

   [amulet of magic regeneration]

   It increases your rate of magic regeneration.
   Regen:     It increases your rate of health regeneration.
 Z - the ring "Haemufarid" {rCorr Str+3 Int+4 Dex+6}
   (You found it in the Dungeon)

   [ring of dexterity]

   Str:       It affects your strength (+3).
   Int:       It affects your intelligence (+4).
   Dex:       It affects your dexterity (+6).
   rCorr:     It protects you from acid and corrosion.
Wands
 d - a wand of quicksilver (12)
 o - a wand of flame (28)
 B - a wand of iceblast (4)
 E - a wand of mindburst (35)
 P - a wand of digging (11)
Scrolls
 h - a scroll of fear
 i - 11 scrolls of identify
 l - a scroll of poison
 u - 7 scrolls of fog
 K - 2 scrolls of silence
 V - 3 scrolls of amnesia
Potions
 b - a potion of magic
 c - 3 potions of curing
 e - a potion of haste
 m - 2 potions of mutation
 n - 2 potions of heal wounds
 p - a potion of might
 s - a potion of attraction
 F - a potion of invisibility
 G - a potion of cancellation
 I - a potion of resistance
Miscellaneous
 g - a box of beasts
 q - a phantom mirror
 D - a lightning rod (4/4)
 L - a tin of tremorstones (2/2)
 R - a condenser vane


   Skills:
 - Level 14.8 Fighting
 - Level 15.1 Dodging
 - Level 5.2 Stealth
 O Level 27 Spellcasting
 - Level 25.5 Conjurations
 - Level 0.9 Transmutations
 * Level 24.5 Fire Magic
 O Level 27 Earth Magic
 - Level 7.1 Poison Magic
 - Level 16.9 Evocations


You had 2 spell levels left.
You knew the following spells:

 Your Spells              Type           Power      Damage    Failure   Level
a - Sandblast             Erth           100%       2d20      0%          1
b - Passwall              Tmut/Erth      91%        N/A       0%          2
c - Stone Arrow           Conj/Erth      100%       3d13      0%          3
d - Petrify               Tmut/Erth      100%       N/A       1%          4
e - Summon Guardian Gole  Hex/Summ       39%        N/A       2%          3
f - Lee's Rapid Deconstr  Erth           69%        3d32*     0%          5
g - Freezing Cloud        Conj/Ice/Air   36%        6-21      1%          5
h - Eringya's Noxious Bo  Tmut/Pois      29%        N/A       7%          6
i - Lehudib's Crystal Sp  Conj/Erth      68%        10d16     1%          8
j - Iron Shot             Conj/Erth      68%        9d13      0%          6
k - Shatter               Erth           69%        3d51*     1%          9
l - Ignition              Fire           55%        3d15      1%          8
m - Fire Storm            Conj/Fire      55%        8d14      1%          9

Your spell library contained the following spells:

 Spells                   Type           Power      Damage    Failure   Level
 Foxfire                  Conj/Fire      100%       2x1d9     0%          1
 Static Discharge         Conj/Air       100%       2-7/arc   0%          2
 Apportation              Tloc           78%        N/A       1%          1
 Summon Small Mammal      Summ           100%       N/A       1%          1
 Poisonous Vapours        Pois/Air       100%       N/A       1%          2
 Inner Flame              Hex/Fire       84%        N/A       0%          3
 Sticky Flame             Conj/Fire      100%       2d11      0%          4
 Starburst                Conj/Fire      55%        6d15      0%          6
 Frozen Ramparts          Ice            78%        1d12      1%          3
 Kindle Blastsparks       Fire/Tloc/Air  100%       2d18      1%          3
 Animate Armour           Summ/Erth      100%       N/A       1%          4
 Fulminant Prism          Conj/Hex       42%        3d20      1%          4
 Hailstorm                Conj/Ice       85%        3d17      1%          4
 Iskenderun's Mystic Bla  Conj/Tloc      85%        2d17      1%          4
 Leda's Liquefaction      Hex/Erth       54%        N/A       1%          4
 Call Canine Familiar     Summ           39%        N/A       2%          3
 Portal Projectile        Hex/Tloc       78%        N/A       2%          3
 Tukima's Dance           Hex            39%        N/A       2%          3
 Alistair's Intoxication  Tmut/Pois      38%        N/A       4%          5
 Ice Form                 Ice/Tmut       41%        N/A       7%          4
 Animate Dead             Necr           39%        N/A       8%          4
 Cause Fear               Hex            19%        N/A       8%          4
 Dispel Undead            Necr           39%        3d16      8%          4
 Passage of Golubria      Tloc           39%        N/A       8%          4
 Summon Ice Beast         Ice/Summ       39%        N/A       8%          4
 Blade Hands              Tmut           22%        N/A       16%         5
 Silence                  Hex/Air        19%        N/A       22%         5
 Chain Lightning          Conj/Air       42%        3d56      69%         9
 Simulacrum               Ice/Necr       19%        N/A       77%         6
 Discord                  Hex            19%        N/A       100%        8
 Polar Vortex             Ice            19%        N/A       100%        9
 Statue Form              Tmut/Erth      Unusable   N/A       N/A         6

Dungeon Overview and Level Annotations

Branches:
Dungeon (1/1)

Altars:
Cheibriados
Dithmenos
Elyvilon
Fedhas
Gozag
Hepliaklqana
Kikubaaqudgha
Makhleb
Nemelex Xobeh
Okawaru
Qazlal
Ru
Sif Muna
Trog
Uskayaw
Vehumet
Wu Jian
Xom
Yredelemnul
Zin
The Shining One
Jiyva
Lugonu

Shops:
D :[![=?![![!!::[=[=!(*(?


Innate Abilities, Weirdness & Mutations

You are immune to sickness and miasma.
Your stone body is resilient. (AC +13)
You are immune to poison.
Your large and strong wings let you fly.
You resist negative energy. (rN+)
You are resistant to electric shocks. (rElec)
You are resistant to unholy torment.
You are immune to petrification.
You have a pair of small antennae on your head.
Your mind is acute. (Int +4, Str/Dex -1)
You are strong-willed. (Will+)
You occasionally lose the ability to drink potions when taking damage.


Message History

The Hell Sentinel hits you but does no damage.
Unknown command.
You barely miss the Hell Sentinel.
The Hell Sentinel is moderately wounded.
The Hell Sentinel barely misses you.
The Hell Sentinel hits you but does no damage.
Unknown command.
You hit the Hell Sentinel.
The Hell Sentinel is moderately wounded.
You hit the Hell Sentinel but do no damage.
The Hell Sentinel is moderately wounded.
The Hell Sentinel hits you!!
* * * LOW HITPOINT WARNING * * *
The Hell Sentinel misses you.
Unknown command.
You hit the Hell Sentinel.
You shatter the Hell Sentinel!
You punch the Hell Sentinel, but do no damage.
The Hell Sentinel is moderately wounded.
The Hell Sentinel hits you but does no damage.
The Hell Sentinel closely misses you.
You hit the Hell Sentinel!
The Hell Sentinel is heavily wounded.
The Hell Sentinel misses you.
The Hell Sentinel completely misses you.
Unknown command.
You hit the Hell Sentinel but do no damage.
The Hell Sentinel is heavily wounded.
The Hell Sentinel hits you but does no damage.
The Hell Sentinel completely misses you.
You hit the Hell Sentinel but do no damage.
You shatter the Hell Sentinel.
The Hell Sentinel is heavily wounded.
You are no longer berserk.
You are exhausted.
You feel yourself slow down.
You hit the Hell Sentinel.
The Hell Sentinel is heavily wounded.
The Hell Sentinel gestures at you.
The sphere of damnation explodes!
The damnation engulfs you!!!
You die...

~~,**,*,,*,,*,,,,**,,,,,,,,#'###.
,,,**,+,,*,,#,,},**~,,,,,,~#~~~##
,,,#######+.##1#***,~,,,,~{#'#'##
,,,#v#).)#,9.).)**####++####.#.#
,,8*§§.....)..,,,*#(.'..=..#'####
*##§##...#..##############.#..'∩∩
,.§§§.............#...# ##.####∩∩
,§§§§§}...........#...###...###..
,.)(c○......)..1@.'...'.......'..
,.))..............#...###...###..
,.................#...# ##.##∩#..
*###v######.##############.#..#..
,,,##***~≈≈≈Z~~~~*#......#'#'##..
,,,* *,+≈#+*ww****#......#.'..'..
,,,*****~*,*≈≈#,* #......#[####..
*+***~~~~***~~*+**#......[.#.####
,,* *~~~~~~~~~~~~*#......###.#.○.


You could see a Hell Sentinel.

Vanquished Creatures
  the Royal Jelly (D)
  Dispater (D)
  Mara (D)
  Sojobo (D)
  2 royal mummies (D)
  Boris (D)
  the Lernaean hydra (D)
  Nikola (D)
  A golden dragon (D)
  Nellie (D)
  An iron giant (D)
  Rupert (D)
  A deep elf master archer (D)
  2 liches (D)
  2 titans (D)
  9 acid blobs (D)
  2 sphinxes (D)
  An Executioner (D)
  Gastronok (D)
  An ancient champion (D)
  Chuck (D)
  4 shadow dragons (D)
  Roxanne (D)
  A storm dragon (D)
  Dowan (D)
  10 azure jellies (D)
  5 rockslimes (D)
  A draconian knight (D)
  A nagaraja (D)
  3 fire giants (D)
  A ghost moth (D)
  2 stone giants (D)
  4 war gargoyles (D)
  4 quicksilver oozes (D)
  2 vampire knights (D)
  Nessos (D)
  2 dire elephants (D)
  Azrael (D)
  3 deep elf annihilators (D)
  2 iron golems (D)
  13 mummy priests (D)
  2 deep elf death magi (D)
  A fire dragon (D)
  2 yaktaur captains (D)
  3 hydras (D)
  2 hell beasts (D)
  18 vault guards (D)
  2 centaur warriors (D)
  An ogre mage (D)
  4 anacondas (D)
  4 death yaks (D)
  An iron elemental (D)
  A two-headed ogre (shapeshifter) (D)
  4 dancing weapons (D)
  2 sun demons (D)
  A naga warrior (D)
  Urug (D)
  4 hell knights (D)
  3 orc high priests (D)
  3 deep elf knights (D)
  2 soul eaters (D)
  A death drake (D)
  2 golden dragon zombies (D)
  6 skeletal warriors (D)
  2 anaconda zombies (D)
  A spriggan druid (D)
  4 swamp dragons (D)
  A lindwurm (D)
  2 obsidian statues (D)
  A mana viper (shapeshifter) (D)
  2 shining eyes (D)
  6 ugly things (D)
  3 deep elf zephyrmancers (D)
  4 crystal guardians (D)
  2 oklob plants (D)
  3 deep elf pyromancers (D)
  A moth of wrath (D)
  An iron troll simulacrum (D)
  A faun (shapeshifter) (D)
  An elephant (shapeshifter) (D)
  2 elephants (D)
  6 black mambas (D)
  A guardian serpent (D)
  An eye of devastation (shapeshifter) (D)
  4 statues (D)
  A molten gargoyle (D)
  Duvessa (D)
  A cane toad (D)
  13 yaktaurs (D)
  A rime drake (D)
  2 ice devils (D)
  15 guardian mummies (D)
  A queen bee (D)
  2 anaconda simulacra (D)
  3 wandering mushrooms (D)
  4 spriggan defenders (D)
  3 hornets (D)
  2 tyrant leeches (D)
  8 blink frogs (D)
  9 slime creatures (D)
  2 spriggans (D)
  A shadow (D)
  5 redbacks (D)
  A spatial vortex (D)
  2 nagas (D)
  2 hydra simulacra (D)
  3 water moccasins (D)
  3 floating eyes (D)
  2 orc warriors (D)
  3 swamp drakes (D)
  A fire dragon simulacrum (D)
  2 two-headed ogres (D)
  A water elemental (D)
  A necrophage (D)
  32 killer bees (D)
  4 electric eels (D)
  2 orc priests (D)
  A jelly (D)
  Jessica (D)
  A wizard (D)
  2 necromancers (D)
  3 orc wizards (D)
  A polar bear simulacrum (D)
  A wolf simulacrum (D)
  3 humans (D)
  A kobold demonologist (D)
  A wolf (D)
  5 adders (D)
  11 orcs (D)
  3 rats (D)
  2 bushes (D)
  7 butterflies (D)
  A plant (D)
391 creatures vanquished.

Vanquished Creatures (collateral kills)
  Geryon (D)
  Erolcha (D)
  2 yaktaurs (D)
  An orc high priest (D)
  3 two-headed ogres (D)
8 creatures vanquished.

Vanquished Creatures (others)
  A shadow wraith (D)
  A cane toad (D)
  A komodo dragon (D)
  4 ball lightnings (D)
  4 ballistomycete spores (D)
  12 fire vortices (D)
  25 plants (D)
  5 tentacles (D)
53 creatures vanquished.

Grand Total: 452 creatures vanquished

Notes
Turn   | Place    | Note
-------+----------+-------------------------------------------
     0 | D        | mhtbhm the Gargoyle Earth Elementalist began the quest for
                  | the Orb.
     0 | D        | Reached XP level 1. HP: 10/10 MP: 3/3
    59 | D        | Noticed Jessica
    68 | D        | Killed Jessica
    69 | D        | Reached XP level 2. HP: 3/15 MP: 0/6
    69 | D        | Reached XP level 3. HP: 4/19 MP: 0/7
   324 | D        | Learned a level 2 spell: Passwall
   328 | D        | Learned a level 3 spell: Stone Arrow
   385 | D        | Reached XP level 4. HP: 15/24 MP: 5/9
   496 | D        | Learned a level 4 spell: Petrify
   499 | D        | Noticed a water elemental
   503 | D        | Killed a water elemental
   504 | D        | Reached skill level 5 in Spellcasting
   504 | D        | Reached XP level 5. HP: 25/28 MP: 3/12
   572 | D        | Found a radiant altar of Vehumet.
   572 | D        | Found a shimmering blue altar of Sif Muna.
   572 | D        | Found an ancient bone altar of Kikubaaqudgha.
   581 | D        | Became a worshipper of Vehumet
   602 | D        | Learned a level 3 spell: Summon Guardian Golem
   602 | D        | Found a glowing silver altar of Zin.
   602 | D        | Found a glowing golden altar of the Shining One.
   602 | D        | Found a white marble altar of Elyvilon.
   602 | D        | Noticed a deep elf pyromancer
   604 | D        | Killed a deep elf pyromancer
   605 | D        | Reached skill level 1 in Fighting
   605 | D        | Reached skill level 5 in Stealth
   605 | D        | Reached XP level 6. HP: 35/35 MP: 12/17
   605 | D        | Reached XP level 7. HP: 39/39 MP: 12/18
   645 | D        | Found a basalt altar of Yredelemnul.
   645 | D        | Found a shadowy altar of Dithmenos.
   645 | D        | Found a sacrificial altar of Ru.
   648 | D        | Reached * piety under Vehumet
   648 | D        | Offered knowledge of Magic Dart by Vehumet.
   675 | D        | Found a hide-covered altar of Uskayaw.
   675 | D        | Found an iron altar of Okawaru.
   675 | D        | Found a bloodstained altar of Trog.
   675 | D        | Found an ornate altar of the Wu Jian Council.
   675 | D        | Noticed a human
   675 | D        | Noticed a human
   677 | D        | Killed a human
   681 | D        | Killed a human
   682 | D        | Reached XP level 8. HP: 21/44 MP: 15/21
   854 | D        | Noticed a shadow
   857 | D        | Killed a shadow
   857 | D        | Reached ** piety under Vehumet
   857 | D        | Offered knowledge of Poisonous Vapours by Vehumet.
   858 | D        | Reached skill level 10 in Spellcasting
   858 | D        | Reached skill level 15 in Earth Magic
   915 | D        | Found a blossoming altar of Fedhas.
   915 | D        | Found a stormy altar of Qazlal.
   915 | D        | Found a snail-covered altar of Cheibriados.
   915 | D        | Found a burning altar of Makhleb.
   915 | D        | Found a shimmering altar of Xom.
   916 | D        | Found a hazy altar of Hepliaklqana.
   916 | D        | Found an opulent altar of Gozag.
   916 | D        | Found a sparkling altar of Nemelex Xobeh.
   916 | D        | Found a corrupted altar of Lugonu.
   916 | D        | Found a viscous altar of Jiyva.
   994 | D        | Reached *** piety under Vehumet
  1120 | D        | Noticed a two-headed ogre
  1127 | D        | Killed a two-headed ogre
  1127 | D        | Offered knowledge of Kindle Blastsparks by Vehumet.
  1128 | D        | Reached XP level 9. HP: 48/48 MP: 6/24
  1226 | D        | Noticed Erolcha
  1227 | D        | Killed Erolcha
  1228 | D        | Noticed a two-headed ogre
  1234 | D        | Killed a two-headed ogre
  1234 | D        | Reached **** piety under Vehumet
  1369 | D        | Offered knowledge of Olgreb's Toxic Radiance by Vehumet.
  1574 | D        | Noticed a wandering mushroom
  1578 | D        | Noticed a wandering mushroom
  1581 | D        | Killed a wandering mushroom
  1581 | D        | Offered knowledge of Fulminant Prism by Vehumet.
  1583 | D        | Noticed a wandering mushroom
  1589 | D        | Killed a wandering mushroom
  1594 | D        | Killed a wandering mushroom
  1594 | D        | Reached ***** piety under Vehumet
  1595 | D        | Reached XP level 10. HP: 53/53 MP: 1/28
  1754 | D        | Noticed a cane toad
  1754 | D        | Noticed a cane toad
  1760 | D        | Killed a cane toad
  1760 | D        | Offered knowledge of Lee's Rapid Deconstruction by Vehumet.
  1767 | D        | Killed a cane toad
  1768 | D        | Reached skill level 15 in Spellcasting
  1980 | D        | Learned a level 5 spell: Lee's Rapid Deconstruction
  2236 | D        | Noticed a lindwurm
  2239 | D        | Killed a lindwurm
  2408 | D        | Noticed Urug
  2414 | D        | Killed Urug
  2650 | D        | Reached ****** piety under Vehumet
  2650 | D        | Offered knowledge of Irradiate by Vehumet.
  2655 | D        | Reached XP level 11. HP: 57/57 MP: 9/31
  2655 | D        | Noticed an orc high priest
  2664 | D        | Killed an orc high priest
  2773 | D        | Found Nijaru's Distillery.
  2845 | D        | Bought a potion of heal wounds for 70 gold pieces
  2859 | D        | Noticed a deep elf zephyrmancer
  2859 | D        | Noticed a deep elf knight
  2859 | D        | Noticed a deep elf pyromancer
  2859 | D        | Noticed a deep elf pyromancer
  2859 | D        | Noticed a deep elf zephyrmancer
  2869 | D        | Killed a deep elf pyromancer
  2869 | D        | Offered knowledge of Yara's Violent Unravelling by Vehumet.
  2870 | D        | Killed a deep elf zephyrmancer
  2873 | D        | Killed a deep elf pyromancer
  2874 | D        | Killed a deep elf zephyrmancer
  2874 | D        | Killed a deep elf knight
  2935 | D        | Noticed a deep elf zephyrmancer
  2943 | D        | Noticed a deep elf master archer
  3094 | D        | Noticed Dowan
  3094 | D        | Noticed Duvessa
  3103 | D        | Killed Dowan
  3103 | D        | Killed Duvessa
  3281 | D        | Gained mutation: You are clumsy. (Dex -2) [potion of
                  | mutation]
  3281 | D        | Gained mutation: You have sharp fingernails. [potion of
                  | mutation]
  3282 | D        | Lost mutation: You are clumsy. (Dex -2) [potion of
                  | mutation]
  3282 | D        | Lost mutation: You have sharp fingernails. [potion of
                  | mutation]
  3282 | D        | Gained mutation: Your spells are a little harder to cast,
                  | but a little more powerful. [potion of mutation]
  3282 | D        | Gained mutation: Your large and strong wings let you fly.
                  | [potion of mutation]
  3282 | D        | Gained mutation: Your body sometimes deteriorates upon
                  | taking damage. [potion of mutation]
  3283 | D        | Lost mutation: Your large and strong wings let you fly.
                  | [potion of mutation]
  3283 | D        | Lost mutation: Your body sometimes deteriorates upon taking
                  | damage. [potion of mutation]
  3283 | D        | Lost mutation: Your spells are a little harder to cast, but
                  | a little more powerful. [potion of mutation]
  3283 | D        | Gained mutation: You have hidden genetic defects. [potion
                  | of mutation]
  3283 | D        | Gained mutation: Armour fits poorly on your strangely
                  | shaped body. [potion of mutation]
  3283 | D        | Lost mutation: You have hidden genetic defects. [potion of
                  | mutation]
  3283 | D        | Gained mutation: Your mind is acute. (Int +4, Str/Dex -1)
                  | [potion of mutation]
  3286 | D        | Offered knowledge of Freezing Cloud by Vehumet.
  3513 | D        | Learned a level 5 spell: Freezing Cloud
  3544 | D        | Offered knowledge of Eringya's Noxious Bog by Vehumet.
  3554 | D        | Reached XP level 12. HP: 28/62 MP: 8/34
  3908 | D        | Found Plog's Jewellery Emporium.
  3908 | D        | Found Lischiw's Antique Weapon Shop.
  3908 | D        | Found Osimym's Magic Scroll Shoppe.
  3908 | D        | Found Ralac's Antique Armour Boutique.
  3908 | D        | Found Jilanom's Distillery.
  3908 | D        | Found Nomoafokk's Weapon Shop.
  3908 | D        | Found Puick's General Store.
  4106 | D        | Found Qinow's Jewellery Boutique.
  4106 | D        | Found Opliew's Antique Armour Shoppe.
  4106 | D        | Found Xiepliwk's Book Shop.
  4106 | D        | Found Yschuaz's Book Emporium.
  4129 | D        | Learned a level 6 spell: Eringya's Noxious Bog
  4148 | D        | Bought a runed cloak for 195 gold pieces
  4148 | D        | Bought an embroidered hat for 182 gold pieces
  4162 | D        | Bought a book of the Moon for 400 gold pieces
  4173 | D        | Learned a level 8 spell: Lehudib's Crystal Spear
  4179 | D        | Bought a potion of heal wounds for 70 gold pieces
  4179 | D        | Bought 2 potions of heal wounds for 140 gold pieces
  4179 | D        | Bought a potion of haste for 140 gold pieces
  4187 | D        | Bought a scroll of fear for 56 gold pieces
  4187 | D        | Bought a scroll of magic mapping for 105 gold pieces
  4187 | D        | Bought a scroll of fog for 56 gold pieces
  4187 | D        | Bought a scroll of fog for 56 gold pieces
  4187 | D        | Bought a scroll of fog for 56 gold pieces
  4189 | D        | Bought a ring of magical power for 280 gold pieces
  4191 | D        | Bought a ring of magical power for 260 gold pieces
  4193 | D        | Bought a ring of wizardry for 390 gold pieces
  4273 | D        | Bought a book of Iron for 432 gold pieces
  4280 | D        | Learned a level 6 spell: Iron Shot
  4322 | D        | Offered knowledge of Conjure Ball Lightning by Vehumet.
  4323 | D        | Reached skill level 1 in Conjurations
  4323 | D        | Reached skill level 1 in Evocations
  4636 | D        | Noticed Rupert
  4639 | D        | Killed Rupert
  4705 | D        | Noticed a death yak
  4706 | D        | Noticed a death yak
  4707 | D        | Offered knowledge of Orb of Destruction by Vehumet.
  4708 | D        | Reached skill level 5 in Dodging
  4708 | D        | Noticed a death yak
  4710 | D        | Killed a death yak
  4710 | D        | Noticed a death yak
  4711 | D        | Killed a death yak
  4712 | D        | Killed a death yak
  4713 | D        | Reached skill level 5 in Conjurations
  4713 | D        | Killed a death yak
  4717 | D        | Reached XP level 13. HP: 66/66 MP: 33/37
  4767 | D        | Noticed an azure jelly
  4767 | D        | Noticed an azure jelly
  4793 | D        | Reached skill level 5 in Evocations
  4919 | D        | Found Qismanin's Book Shoppe.
  4919 | D        | Found Qevussom's Antique Armour Boutique.
  4919 | D        | Found Dees's Distillery.
  4932 | D        | Bought a glowing cloak for 172 gold pieces
  4932 | D        | Bought a transparent leather armour for 161 gold pieces
  4932 | D        | Identified the +0 leather armour of the Storm King {rC+
                  | Regen+ Dex+5} (You bought it in a shop in the Dungeon)
  4933 | D        | Bought a potion of heal wounds for 60 gold pieces
  4952 | D        | Noticed the 27-headed Lernaean hydra
  4960 | D        | Killed the 27-headed Lernaean hydra
  5011 | D        | Got a decaying rune of Zot
  5277 | D        | Offered knowledge of Shatter by Vehumet.
  5277 | D        | Offered knowledge of Polar Vortex by Vehumet.
  5277 | D        | Offered knowledge of Ignition by Vehumet.
  5316 | D        | Learned a level 9 spell: Shatter
  5318 | D        | Found a blossoming altar of Fedhas.
  5323 | D        | Reached skill level 1 in Poison Magic
  5619 | D        | Noticed a nagaraja
  5623 | D        | Killed a nagaraja
  5625 | D        | Found Vum Juoj's Antique Armour Shop.
  5625 | D        | Found Nenynoar's Jewellery Shoppe.
  5882 | D        | Identified the ring "Rainol" {*Slow Fly rElec Str+6 Int-5}
  5882 | D        | Noticed a deep elf death mage
  5893 | D        | Killed a deep elf death mage
  5895 | D        | Killed a ghostly deep elf death mage
  6005 | D        | Reached skill level 10 in Conjurations
  6056 | D        | Noticed Azrael
  6058 | D        | Killed Azrael
  6059 | D        | Reached skill level 5 in Poison Magic
  6059 | D        | Gained mutation: Your large and strong wings let you fly.
                  | [Gargoyle growth]
  6059 | D        | Reached XP level 14. HP: 71/71 MP: 26/40
  6067 | D        | Acquired the amulet "Gikhion" {Acrobat rElec MP+9}
  6071 | D        | Acquired a staff of earth
  6391 | D        | Reached skill level 27 in Earth Magic
  6586 | D        | Noticed Chuck
  7408 | D        | Found Ozeregg's Distillery.
  7408 | D        | Found Kuopirphi's Distillery.
  7408 | D        | Found Giav's Armour Shop.
  7408 | D        | Found Kuceup's Distillery.
  7437 | D        | Bought a potion of heal wounds for 50 gold pieces
  7437 | D        | Bought a potion of invisibility for 80 gold pieces
  7438 | D        | Bought a potion of heal wounds for 60 gold pieces
  7438 | D        | Bought a potion of magic for 96 gold pieces
  7438 | D        | Bought a potion of magic for 96 gold pieces
  7438 | D        | Bought a potion of cancellation for 96 gold pieces
  7439 | D        | Bought a potion of experience for 650 gold pieces
  7439 | D        | Bought a potion of resistance for 130 gold pieces
  7439 | D        | Bought a potion of haste for 130 gold pieces
  7440 | D        | Bought a scarf of resistance for 416 gold pieces
  7441 | D        | Bought a +2 robe of fire resistance for 230 gold pieces
  7525 | D        | Noticed Roxanne
  7529 | D        | Killed Roxanne
  7707 | D        | Noticed Boris
  7713 | D        | Killed Boris
  7925 | D        | Lost mutation: Your mind is acute. (Int +4, Str/Dex -1)
                  | [potion of mutation]
  7925 | D        | Lost mutation: Armour fits poorly on your strangely shaped
                  | body. [potion of mutation]
  7925 | D        | Gained mutation: You are weak. (Str -2) [potion of
                  | mutation]
  7925 | D        | Gained mutation: Your magical capacity is low. (-10% MP)
                  | [potion of mutation]
  7925 | D        | Gained mutation: Your flesh is heat resistant. (rF+)
                  | [potion of mutation]
  7926 | D        | Lost mutation: You are weak. (Str -2) [potion of mutation]
  7926 | D        | Lost mutation: Your magical capacity is low. (-10% MP)
                  | [potion of mutation]
  7926 | D        | Lost mutation: Your flesh is heat resistant. (rF+) [potion
                  | of mutation]
  7926 | D        | Gained mutation: Your spells are a little easier to cast,
                  | but a little less powerful. [potion of mutation]
  7926 | D        | Gained mutation: You possess an exceptional clarity of
                  | mind. [potion of mutation]
  7926 | D        | Gained mutation: Your mind is acute. (Int +4, Str/Dex -1)
                  | [potion of mutation]
  7926 | D        | Gained mutation: Your muscles are strong. (Str +4, Int/Dex
                  | -1) [potion of mutation]
  7927 | D        | Lost mutation: You possess an exceptional clarity of mind.
                  | [potion of mutation]
  7927 | D        | Lost mutation: Your spells are a little easier to cast, but
                  | a little less powerful. [potion of mutation]
  7927 | D        | Gained mutation: You are strong-willed. (Will+) [potion of
                  | mutation]
  7927 | D        | Gained mutation: You have a pair of small antennae on your
                  | head. [potion of mutation]
  7931 | D        | Identified the +9 falchion of Butchery {vorpal, rN+ Will+}
  8157 | D        | Reached skill level 10 in Dodging
  8157 | D        | Reached XP level 15. HP: 75/75 MP: 42/42
  8358 | D        | Reached skill level 10 in Evocations
  8384 | D        | Noticed a lich
  8388 | D        | Killed a lich
  8472 | D        | Noticed a sphinx
  8472 | D        | Noticed a sphinx
  8477 | D        | Killed a sphinx
  8478 | D        | Paralysed by a sphinx for 4 turns
  8482 | D        | Killed a sphinx
  8582 | D        | Reached skill level 15 in Conjurations
  8708 | D        | Reached XP level 16. HP: 68/80 MP: 35/44
  9209 | D        | Killed Chuck
  9271 | D        | Identified the +0 chain mail "Cacsoe" {-Tele rPois rC+
                  | Int+7}
  9292 | D        | Noticed Sojobo
  9296 | D        | Killed Sojobo
  9350 | D        | Noticed a lich
  9351 | D        | Killed a lich
  9459 | D        | Noticed a shadow dragon
  9459 | D        | Noticed a shadow dragon
  9474 | D        | Killed a shadow dragon
  9477 | D        | Killed a shadow dragon
  9628 | D        | Noticed a shadow dragon
  9628 | D        | Noticed a titan
  9628 | D        | Noticed a titan
  9628 | D        | Noticed a golden dragon
  9630 | D        | Killed a titan
  9632 | D        | Noticed a shadow dragon
  9634 | D        | Reached skill level 27 in Spellcasting
  9634 | D        | Killed a shadow dragon
  9637 | D        | Killed a titan
  9639 | D        | Killed a golden dragon
  9642 | D        | Killed a shadow dragon
  9690 | D        | Identified the +9 trident of Incongruity {spect, Fragile
                  | rPois MP+9 Stlth+}
  9717 | D        | Identified the +5 halberd of the Red God {flame, rPois
                  | rF+++ Str-4 Int+3}
  9722 | D        | Got a silver rune of Zot
  9749 | D        | Acquired 1086 gold pieces
  9869 | D        | Bought the ring of Keisk {rN+ AC+4 Dex+2} for 719 gold
                  | pieces
  9917 | D        | Found Miedylo's Armour Boutique.
  9951 | D        | Bought a +2 pair of gloves for 165 gold pieces
  9976 | D        | Reached XP level 17. HP: 53/84 MP: 25/48
 10092 | D        | Noticed an Executioner
 10093 | D        | Killed an Executioner
 10121 | D        | Noticed Nessos
 10125 | D        | Killed Nessos
 10217 | D        | Reached skill level 15 in Evocations
 10284 | D        | Learned a level 8 spell: Ignition
 10408 | D        | Killed a deep elf master archer
 10409 | D        | Reached skill level 1 in Fire Magic
 10425 | D        | Identified the ring "Vypsusown" {Ice Str+6 Stlth+}
 10487 | D        | Found the amulet of Vitality {RegenMP++ Regen++}
 10528 | D        | Identified the ring "Haemufarid" {rCorr Str+3 Int+4 Dex+6}
 10534 | D        | Got the Handbook of Blasphemous Arts and Ozone
 10830 | D        | Noticed a royal mummy
 10831 | D        | Noticed a royal mummy
 10929 | D        | Killed a royal mummy
 10930 | D        | Reached skill level 5 in Fighting
 10930 | D        | Reached skill level 15 in Dodging
 10930 | D        | Reached skill level 5 in Fire Magic
 11065 | D        | Killed a royal mummy
 11096 | D        | Got a golden rune of Zot
 11111 | D        | Identified the +3 leather armour "Wufrar" {Harm Will+}
 11114 | D        | Identified the +11 dagger of the Lost Knaves {flame, Int+4}
 11115 | D        | Acquired the amulet of Wual {rN++ Regen+ Dex+2}
 11119 | D        | Acquired 654 gold pieces
 11123 | D        | Acquired a manual of Fighting
 11127 | D        | Acquired mhtbhm's Essays on Permutations and Embers
 11131 | D        | Acquired the +2 cloak of the Will of the Gods {rN+ Will+
                  | Str+2}
 11338 | D        | Noticed Nellie
 11342 | D        | Killed Nellie
 11346 | D        | Got a demonic rune of Zot
 11485 | D        | Noticed Mara
 11494 | D        | Noticed mhtbhm's illusion
 11498 | D        | Killed Mara
 11499 | D        | Reached skill level 10 in Fighting
 11688 | D        | Noticed an ancient champion
 11693 | D        | Killed an ancient champion
 11775 | D        | Noticed Nikola
 11785 | D        | Killed Nikola
 11786 | D        | Reached skill level 10 in Fire Magic
 11946 | D        | Learned a level 9 spell: Fire Storm
 12107 | D        | Found Weatt's Magic Scroll Boutique.
 12125 | D        | Got a serpentine rune of Zot
 12174 | D        | Bought a scroll of fog for 48 gold pieces
 12174 | D        | Bought a scroll of amnesia for 48 gold pieces
 12174 | D        | Bought a scroll of amnesia for 48 gold pieces
 12279 | D        | Bought a crude ring mail for 207 gold pieces
 12279 | D        | Identified the +1 ring mail of Honour {Slay+2} (You bought
                  | it in a shop in the Dungeon)
 12340 | D        | Noticed Gastronok
 12343 | D        | Killed Gastronok
 12412 | D        | Reached skill level 15 in Fire Magic
 12598 | D        | Noticed an acid blob
 12608 | D        | Killed an acid blob
 12612 | D        | Reached XP level 18. HP: 101/118 MP: 49/49
 12662 | D        | Lost mutation: Your muscles are strong. (Str +4, Int/Dex
                  | -1) [a shining eye]
 12663 | D        | Gained mutation: You occasionally lose the ability to drink
                  | potions when taking damage. [a shining eye]
 12664 | D        | Noticed the Royal Jelly
 12690 | D        | Killed the Royal Jelly
 12797 | D        | Got a slimy rune of Zot
 12798 | D        | Identified the +7 sling "Widowmaker" {venom, Int+3}
 13016 | D        | Noticed Geryon
 13021 | D        | Killed Geryon
 13024 | D        | Noticed an iron giant
 13024 | D        | Found the +4 staff of Dispater
 13024 | D        | Noticed Dispater
 13025 | D        | Noticed a Hell Sentinel
 13027 | D        | Killed an iron giant
 13031 | D        | Noticed a Hell Sentinel
 13044 | D        | Killed Dispater
 13061 | D        | Killed from afar by a Hell Sentinel

Illustrated notes

Levels and vault maps discovered:
D:        dungeon_sprint_mu [sprint_mu_entry_cave, sprint_mu_temple_rooms,
          sprint_mu_d1_spiders, sprint_mu_d2_genie, sprint_mu_d3_branching,
          sprint_mu_orc_legion, sprint_mu_elf_gauntlet, sprint_mu_hive_nellie,
          sprint_mu_lair_fedhas, sprint_mu_vaults_butterflies,
          sprint_mu_slime_circle, sprint_mu_swamp_cave, sprint_mu_snake_twists,
          sprint_mu_blade_basic, sprint_mu_crypt_fortress,
          sprint_mu_tomb_spiral, sprint_mu_vestibule_basic,
          sprint_mu_gehenna_hellfire, sprint_mu_dis_giant,
          sprint_mu_tartarus_statrot, sprint_mu_cocytus_islands, sprint_mu_zot1]

Skill      XL: |  1  2  3  4  5  6  7  8  9 10 11 12 13 14 15 16 17 18 |
---------------+-------------------------------------------------------+-----
Stealth        | 3 4 5 |  5.2
Earth Magic    | 6 7 9 13 14 16 18 20 23 25 26 27 | 27.0
Dodging        | 2 3 5 8 10 11 13 15 | 15.1
Spellcasting   | 3 5 8 9 11 14 16 18 20 22 23 24 27 | 27.0
Fighting       | 1 14 | 14.8
Conjurations   | 5 10 13 15 21 25 | 25.5
Evocations     | 4 7 9 11 14 16 | 16.9
Poison Magic   | 5 7 |  7.1
Fire Magic     | 16 24 | 24.5
Transmutations | |  0.9

Action                   |  1- 3 |  4- 6 |  7- 9 | 10-12 | 13-15 | 16-18 || total
-------------------------+-------+-------+-------+-------+-------+-------++-------
Melee: Club              |       |       |       |     1 |     6 |       ||     7
       Staff             |       |       |       |       |    11 |    18 ||    29
       Punch             |       |       |       |       |     1 |     1 ||     2
 Cast: Sandblast         |    16 |     7 |    22 |    17 |     1 |       ||    63
       Stone Arrow       |       |     1 |    23 |    12 |    12 |     6 ||    54
       Summon Guardian G |       |       |     1 |     3 |     1 |       ||     5
       Lee's Rapid Decon |       |       |       |    80 |    65 |    49 ||   194
       Petrify           |       |       |       |     2 |       |       ||     2
       Freezing Cloud    |       |       |       |     2 |    10 |     3 ||    15
       Passwall          |       |       |       |     1 |     1 |       ||     2
       Lehudib's Crystal |       |       |       |     2 |    45 |    95 ||   142
       Iron Shot         |       |       |       |     1 |     9 |    11 ||    21
       Shatter           |       |       |       |       |     1 |    19 ||    20
       Eringya's Noxious |       |       |       |       |     1 |     1 ||     2
       Fire Storm        |       |       |       |       |       |     5 ||     5
       Ignition          |       |       |       |       |       |     3 ||     3
Evoke: Phantom mirror    |       |       |     2 |     4 |     1 |     2 ||     9
       Condenser vane    |       |       |       |       |       |     4 ||     4
       Wand              |       |       |       |       |       |     1 ||     1
  Use: Potion            |     2 |       |       |     3 |    10 |     9 ||    24
       Scroll            |       |       |       |     4 |     7 |    14 ||    25
 Stab: Distracted        |       |       |       |       |       |     1 ||     1
Armor: Robe              |     1 |       |     5 |     7 |       |       ||    13
       Leather armour    |       |       |       |       |    10 |    33 ||    43
Dodge: Dodged            |     7 |     1 |    10 |    24 |    29 |    65 ||   136

Table legend: (Time is in decaauts) A = Elapsed time spent in this place. B = Non-inter-level travel time spent in this place. C = Inter-level travel time spent in this place. D = Time resting spent in this place. E = Time spent auto-exploring this place. F = Levels seen in this place. G = Mean time per level. A B C D E F G +--------+--------+--------+--------+--------+-----+--------+ Total | 13139 | 12666 | 473 | 7529 | 50 | 1 | 13139.0 | Dungeon | 13139 | 12666 | 473 | 7529 | 50 | 1 | 13139.0 | +--------+--------+--------+--------+--------+-----+--------+

Top non-repeatable levels by time:
       D: 13139 daAuts
